 Dungeon Crawl Stone Soup version 0.24.1-4-ge52af88ad5 (webtiles) character file.

Game seed: 17859428268144014916, levelgen mode: deterministic

1523 MajorAdolf the Chopper (level 8, -7/69 HPs)
             Began as a Naga Wanderer on Apr 12, 2020.
             Mangled by Prince Ribbit (13 damage)
             ... on level 6 of the Dungeon.
             The game lasted 00:15:12 (7033 turns).

MajorAdolf the Chopper (Naga Wanderer)              Turns: 7033, Time: 00:15:13

Health: -7/69      AC: 13    Str: 17    XL:     8   Next: 84%
Magic:  8/8        EV:  8    Int: 11    God:
Gold:   32         SH:  4    Dex: 12    Spells: 7/7 levels left

rFire    . . .     SeeInvis +   t - +0 broad axe
rCold    . . .     Gourm    .   p - +0 buckler
rNeg     + . .     Faith    .   b - +2 scale mail
rPois    +         Spirit   .   A - +2 helmet
rElec    .         Reflect  .   (no cloak)
rCorr    .         Harm     .   u - +0 pair of gloves
MR       +....                  (no barding)
Stlth    +.........             x - amulet of magic regeneration
HPRegen  0.21/turn              q - ring of positive energy
MPRegen  0.36/turn              r - ring of poison resistance

@: very slow
A: large, see invisible, deformed body, poison resistance, slowness 2, slow
metabolism 1, spit poison 1, AC +2
a: Spit Poison


You were on level 6 of the Dungeon.
You were very hungry.

You visited 2 branches of the dungeon, and saw 7 of its levels.

You collected 190 gold pieces.
You spent 158 gold pieces at shops.

Inventory:

Hand Weapons
 a - a +0 quarterstaff
 t - a +0 broad axe (weapon)
Armour
 b - a +2 scale mail (worn)
 p - a +0 buckler (worn)
 u - a +0 pair of gloves (worn)
 A - a +2 helmet (worn)
Jewellery
 q - a ring of positive energy (left hand)
 r - a ring of poison resistance (right hand)
 x - an amulet of magic regeneration (around neck)
Wands
 y - a wand of acid (8)
 D - a wand of polymorph (4)
Scrolls
 c - 4 scrolls of teleportation
 d - a scroll of noise {unknown}
 e - a scroll of enchant weapon {unknown}
 g - 2 scrolls of amnesia {unknown}
 h - 2 scrolls of fear {unknown}
 i - 4 scrolls of identify
 k - a scroll of enchant armour {unknown}
 m - a scroll of magic mapping {unknown}
 w - a scroll of blinking {unknown}
 B - a scroll of immolation {unknown}
 F - 2 scrolls of remove curse {unknown}
Potions
 j - 3 potions of degeneration {unknown}
 l - a potion of magic {unknown}
 n - a potion of agility {unknown}
 o - a potion of might {unknown}
 s - 2 potions of heal wounds
 v - 3 potions of ambrosia {unknown}
 z - a potion of invisibility {unknown}
 C - a potion of brilliance {unknown}
 E - 2 potions of curing
Comestibles
 f - 12 rations


   Skills:
 - Level 3.5 Fighting
   Level 2.0 Short Blades
 * Level 7.5 Axes
   Level 1.7 Crossbows
 - Level 3.9 Armour
 - Level 2.9 Dodging
 - Level 4.4 Stealth
 + Level 2.6 Shields


You had 7 spell levels left.
You didn't know any spells.
Your spell library contained the following spells:

 Spells                   Type           Power        Failure   Level  Hunger
 Beastly Appendage        Tmut           #.....       75%         1    ##.....
 Sticks to Snakes         Tmut           #.......     86%         2    ###....
 Spider Form              Tmut/Pois      #.........   98%         3    ####...
 Ice Form                 Ice/Tmut       #.......     100%        4    #####..
 Blade Hands              Tmut           #.........   100%        5    ######.


Dungeon Overview and Level Annotations

Branches:
Dungeon (6/15)             Temple (1/1) D:6

Altars:
Ashenzari
Dithmenos
Elyvilon
Fedhas
Gozag
Hepliaklqana
Kikubaaqudgha
Makhleb
Nemelex Xobeh
Ru
Sif Muna
Vehumet
Xom
Yredelemnul

Shops:
D:4 !(*((   D:5 :

Annotations:
D:4 4 runed translucent doors, exclusion: iguana, Duvessa
D:6 Prince Ribbit


Innate Abilities, Weirdness & Mutations

You cannot wear boots.
Your serpentine skin is tough. (AC +2)
You have supernaturally acute eyesight. (SInv)
Armour fits poorly on your strangely shaped body.
Your system is resistant to poisons. (rPois)
You cover ground very slowly.
You have a slow metabolism.
You can spit poison.


Message History

You are too injured to fight recklessly!
You are too injured to fight recklessly!
You completely miss Prince Ribbit. Prince Ribbit barely misses you.
Prince Ribbit hits you but does no damage.
You slash Prince Ribbit!
Prince Ribbit is moderately wounded.
Prince Ribbit barely misses you.
Your scale mail prevents you from hitting Prince Ribbit.
Prince Ribbit is moderately wounded.
Prince Ribbit hits you! Prince Ribbit hits you.
* * * LOW HITPOINT WARNING * * *
You miss Prince Ribbit.
Prince Ribbit is moderately wounded.
Prince Ribbit blinks!
You slash Prince Ribbit!
Prince Ribbit is heavily wounded.
Prince Ribbit hits you!
* * * LOW HITPOINT WARNING * * *
Prince Ribbit hits you!
You die...

....###.#
#...........#.###^.....
.....#
#.#.#.#.#.#.#.........#
#.##.#
#...........####......#
#|.....
#.#.......#.####.......
###...##
#.....)[......##....... #...#
##.#...>...#.#.##..###.#
###...####.......[......##..#
.#
....##......#...F...#.......#
..
#.....###......@.......###.#
##.##..# #..#.#ยง#.#.#.#.#
#.# #......# #..............#
#.# ..#.#..# #####..##..#####
#.# .......# #.###....# #..
..#.#..# #.....##.# #.###
#.....## ###...##.### ...#
####### #.#.#.....# #.##
#......#.... #..#


You could see Prince Ribbit.

Vanquished Creatures
  Sigmund (D:6)
  A sky beast (D:5)
  2 ogres (D:5)
  A centaur (D:6)
  Blork the orc (D:6)
  A scorpion (D:4)
  5 wights (D:6)
  A howler monkey (D:4)
  2 crimson imps
  A centaur zombie (D:5)
  A bullfrog zombie (D:6)
  A jelly (D:6)
  4 orc wizards
  Natasha (thrice) (D:2)
  2 worker ants
  A hound skeleton (D:5)
  Robin (D:4)
  A howler monkey zombie (D:5)
  4 gnolls (D:3)
  5 adders
  A shadow imp (D:6)
  An ooze (D:2)
  An adder skeleton (D:4)
  3 worms
  2 dart slugs (D:2)
  4 leopard geckos
  13 orcs
  2 ball pythons
  9 bats
  4 giant cockroaches
  20 goblins
  11 hobgoblins
  9 jackals
  2 quokkas (D:3)
  3 frilled lizards
  8 kobolds
  2 quokka skeletons (D:6)
  A quokka zombie (D:5)
  8 rats
143 creatures vanquished.

Notes
Turn   | Place    | Note
-------+----------+-------------------------------------------
     0 | D:1      | MajorAdolf the Naga Wanderer began the quest for the Orb.
     0 | D:1      | MajorAdolf set off with the following items: a +0
                  | quarterstaff, a +2 scale mail, a scroll of teleportation, a
                  | +0 dagger, a ration
     0 | D:1      | Reached XP level 1. HP: 15/15 MP: 1/1
   161 | D:1      | Reached XP level 2. HP: 12/22 MP: 2/2
  1318 | D:2      | Reached XP level 3. HP: 28/28 MP: 3/3
  1438 | D:2      | Reached XP level 4. HP: 36/36 MP: 4/4
  1449 | D:2      | Noticed Natasha
  1466 | D:2      | Killed Natasha
  1647 | D:3      | Reached skill level 1 in Fighting
  1932 | D:4      | Reached skill level 1 in Dodging
  1932 | D:4      | Reached XP level 5. HP: 44/45 MP: 5/5
  2722 | D:3      | Found an ancient bone altar of Kikubaaqudgha.
  2735 | D:3      | Reached XP level 6. HP: 43/55 MP: 6/6
  2952 | D:3      | Found a white marble altar of Elyvilon.
  2981 | D:3      | Found a burning altar of Makhleb.
  2982 | D:3      | Found a radiant altar of Vehumet.
  3219 | D:2      | Found a sacrificial altar of Ru.
  3419 | D:2      | Found a shadowy altar of Dithmenos.
  3426 | D:2      | Noticed Natasha
  3431 | D:2      | Killed Natasha
  3578 | D:2      | Noticed Natasha
  3582 | D:2      | Killed Natasha
  3785 | D:4      | Found Zesu's Antique Weapon Shop.
  3786 | D:4      | Found Foqirewn's General Store.
  3793 | D:4      | Bought a broad axe for 88 gold pieces
  3796 | D:4      | Bought a potion of heal wounds for 70 gold pieces
  3800 | D:4      | Found Nujar's Distillery.
  3812 | D:4      | Noticed Duvessa
  3828 | D:4      | Found a large runed translucent door.
  3829 | D:4      | Found a large runed translucent door.
  3832 | D:4      | Found a large runed translucent door.
  3832 | D:4      | Found a large runed translucent door.
  3834 | D:4      | Found Ulixinlo's Antique Weapon Shop.
  3946 | D:4      | Reached skill level 1 in Axes
  4106 | D:4      | Noticed Robin
  4149 | D:4      | Killed Robin
  4343 | D:4      | Found Xavaphugh's Weapon Shoppe.
  4348 | D:4      | Reached skill level 2 in Axes
  4348 | D:4      | Reached XP level 7. HP: 55/62 MP: 7/7
  4512 | D:5      | Entered Level 5 of the Dungeon
  4537 | D:5      | Reached skill level 3 in Axes
  4663 | D:5      | Found Lanwex's Book Shoppe.
  4739 | D:5      | Reached skill level 4 in Axes
  5243 | D:5      | Reached skill level 5 in Axes
  5243 | D:5      | Reached XP level 8. HP: 54/69 MP: 8/8
  5863 | D:6      | Found a staircase to the Ecumenical Temple.
  5901 | D:6      | Noticed Blork the orc
  5919 | Temple   | Entered the Ecumenical Temple
  5961 | D:6      | Killed Blork the orc
  5961 | D:6      | Reached skill level 6 in Axes
  5961 | D:6      | Reached skill level 1 in Shields
  6627 | D:6      | Noticed Sigmund
  6631 | D:6      | Noticed Prince Ribbit
  6635 | D:6      | Reached skill level 7 in Axes
  6940 | D:6      | Killed Sigmund
  7033 | D:6      | Mangled by Prince Ribbit

Levels and vault maps discovered:
D:1:      tarquinn_simple_flora_water_b, layout_loops_corners,
          minmay_liquid_box, hangedman_decor_points, minmay_misc_feat_rugged
D:2:      layout_basic, nicolae_dithmenos_shadow_blocks,
          nicolae_ru_awakened_eye, uniq_natasha
D:3:      layout_loops_ring, grunt_temple_overflow_lords_of_destruction,
          kiku_gazebo_pond_becter, first_ration, elyvilon_altar_5
D:4:      layout_gridville, serial_shops, shop, shop, nicolae_shop_statue_plus,
          nicolae_shop_behind_doors, nicolae_shop_stone, serial_bayou_pond_c,
          minmay_hollow_rounded_squares, uniq_duvessa, uniq_robin
D:5:      layout_loops_cross, serial_shops, shop
D:6:      layout_loops_cross, okawaru_ov_weapons_minmay,
          minmay_temple_entry_glass, serial_glass, glass_columns_c,
          glass_columns_a, glass_columns_a, glass_columns_a, glass_columns_c,
          glass_columns_b, uniq_blork_the_orc, uniq_sigmund, uniq_prince_ribbit1
Temple:   nicolae_temple_figure_zero

Skill      XL: |  1  2  3  4  5  6  7  8 |
---------------+-------------------------+-----
Armour         | 3 |  3.9
Fighting       | 1 2 3 |  3.5
Dodging        | 1 2 |  2.9
Axes           | 2 5 7 |  7.5
Shields        | 2 |  2.6
Short Blades   | |  2.0
Crossbows      | |  1.7
Stealth        | |  4.4

Action                   |  1- 3 |  4- 6 |  7- 9 || total
-------------------------+-------+-------+-------++-------
Melee: Quarterstaff      |    97 |   217 |    77 ||   391
       Broad axe         |       |       |   158 ||   158
       Unarmed           |       |       |     2 ||     2
 Abil: Spit Poison       |     2 |    14 |     9 ||    25
  Use: Scroll            |       |     1 |     2 ||     3
  Eat: Chunk             |     1 |     9 |     6 ||    16
Armor: Scale mail        |    82 |   174 |   159 ||   415
Dodge: Dodged            |    37 |   133 |   116 ||   286
Block: Buckler           |       |       |    33 ||    33
